 Dungeon Crawl Stone Soup version 0.29-a0-559-g359e09b9d1 (console) character file.

Game seed: 11176044948948905625

50 jejorda2 the Shield-Bearer (level 3, 0/31 HPs)
             Began as a Draconian Fighter on June 9, 2022.
             Slain by Terence
             ... wielding a +3 short sword of freezing
              (4 damage)
             ... on level 2 of the Dungeon.
             The game lasted 00:02:54 (1249 turns).

jejorda2 the Shield-Bearer (Draconian Fighter)      Turns: 1249, Time: 00:02:54

Health: 0/31       AC:  5    Str: 18    XL:     3   Next: 55%
Magic:  3/3        EV: 12    Int:  8    God:
Gold:   63         SH:  4    Dex: 12    Spells: 2/2 levels left

rFire   . . .      SeeInvis .   a - +0 long sword
rCold   . . .      Faith    .   b - +0 buckler
rNeg    . . .      Spirit   .   (body armour unavailable)
rPois   .          Reflect  .   (helmet restricted)
rElec   .          Harm     .   (no cloak)
rCorr   .          Rampage  .   (no gloves)
Will    .....                   (no boots)
Stlth   +.........              (no amulet)
HPRegen 0.10/turn               (no ring)
MPRegen 0.08/turn               (no ring)

@: slowed, very slow
A: AC +5, unfitting armour, cold-blooded
a: no special abilities


You were on level 2 of the Dungeon.
You visited 1 branch of the dungeon, and saw 2 of its levels.

You collected 63 gold pieces.

Inventory:

Hand Weapons
 a - a +0 long sword (weapon)
Missiles
 f - 48 stones (quivered)
 i - 4 poisoned darts
Armour
 b - a +0 buckler (worn)
Scrolls
 d - a scroll of amnesia {unknown}
 e - a scroll of poison {unknown}
 g - 2 scrolls of identify {unknown}
 h - a scroll of torment {unknown}
 k - a scroll of silence {unknown}
Potions
 c - a potion of might
 j - a potion of curing {unknown}


   Skills:
 + Level 3.5 Fighting
 * Level 2.8 Long Blades
 + Level 2.9 Dodging
 * Level 3.6 Shields


You had 2 spell levels left.
You didn't know any spells.
Your spell library contained the following spells:

 Spells                   Type           Power      Damage    Failure   Level
 Foxfire                  Conj/Fire      0%         2x1d4     50%         1
 Sublimation of Blood     Necr           0%         N/A       65%         2
 Wereblood                Tmut           0%         N/A       65%         2
 Conjure Flame            Conj/Fire      0%         6-21      86%         3
 Inner Flame              Hex/Fire       0%         N/A       86%         3
 Flame Wave               Conj/Fire      0%         2d4       99%         4
 Summon Hydra             Summ           0%         N/A       100%        7


Dungeon Overview and Level Annotations

Branches:
Dungeon (2/15)

Altars:

Annotations:
D:2 Terence


Innate Abilities, Weirdness & Mutations

Your plain brown scales are hard. (AC +5)
You cannot fit into any form of body armour.
You are cold-blooded and may be slowed by cold attacks.


Message History

There is an open door here.
You barely miss the hobgoblin. The hobgoblin hits you.
You hit the hobgoblin.
Your tail-slap misses the hobgoblin.
The hobgoblin is lightly wounded.
The hobgoblin barely misses you.
You closely miss the hobgoblin.
The hobgoblin is lightly wounded.
The hobgoblin misses you.
You slash the hobgoblin!
You kill the hobgoblin!
No target in view!
As you open the door, it creaks loudly!
There is an open door here.
Found a stone staircase leading down.
There is an escape hatch in the ceiling here.
Terence the Incautious comes into view.
He is wielding a +3 short sword of freezing.
Found a black potion.
Terence shouts!
You hit Terence but do no damage. Terence closely misses you.
You slash Terence!
Your tail-slap misses Terence.
Terence is heavily wounded.
Terence hits you with a +3 short sword of freezing!
Terence freezes you.
You closely miss Terence.
Terence is heavily wounded.
Terence closely misses you.
Terence hits you with a +3 short sword of freezing!
You feel yourself slow down. Terence freezes you.
You hit Terence but do no damage.
Terence is heavily wounded.
Terence hits you with a +3 short sword of freezing.
* * * LOW HITPOINT WARNING * * *
You feel as though you will be slow longer.
Terence freezes you.
* * * LOW HITPOINT WARNING * * *
Terence completely misses you.
You barely miss Terence.
Terence is heavily wounded.
Terence hits you with a +3 short sword of freezing.
You die...

#.#<##########....#.....#...
#.#.# #..........##.#...
#.#.#######.###+#<#..##.#..#
#.#.........#........##.#..#
#.###########.#......#...^.#
#...............#..#.#.....#
#############.#.............
#####.#........÷##..
#!@@.........#.###..
#....##.....#.#...#..
#....##.........#....
#....##.....#....≈...
#....##........≈≈≈...
##+####....#..≈≈≈≈≈≈≈
#....#>#≈≈≈≈≈≈≈
##.#.#.#.)≈≈≈≈≈
......#≈.≈≈≈≈≈


You could see Terence.

Vanquished Creatures
  An adder (D:2)
  4 dart slugs
  9 bats
  2 endoplasms
  A giant cockroach (D:2)
  5 hobgoblins
  A kobold (D:2)
  3 ball pythons (D:1)
  2 frilled lizards
  2 goblins (D:1)
  4 rats
34 creatures vanquished.

Notes
Turn   | Place    | Note
-------+----------+-------------------------------------------
     0 | D:1      | jejorda2 the Draconian Fighter began the quest for the Orb.
     0 | D:1      | Reached XP level 1. HP: 19/19 MP: 1/1
   397 | D:1      | Reached XP level 2. HP: 26/26 MP: 2/2
   881 | D:2      | Reached XP level 3. HP: 31/31 MP: 3/3
   911 | D:2      | Found a faded altar of an unknown god.
  1013 | D:2      | Identified the +1 morningstar "Kubakheo" {flame, rF+ rN+
                  | Dex+4}
  1242 | D:2      | Noticed Terence
  1249 | D:2      | Slain by Terence

Illustrated notes

Levels and vault maps discovered:
D:1:      scummos_arrival_simple_fountains, layout_basic, grunt_decor_arrowhead
D:2:      minmay_general_purpose_star, layout_basic,
          chequers_ecumenical_altar_island, uniq_terence

Action                   || total
-------------------------++-------
Melee: Long sword        ||    85
       Tailslap          ||     7
Throw: Stone             ||    19
 Stab: Sleeping          ||     1
Armor: Skin              ||    26
Dodge: Dodged            ||    41
Block: Buckler           ||    24

Table legend: (Time is in decaauts)
 A = Elapsed time spent in this place.
 B = Non-inter-level travel time spent in this place.
 C = Inter-level travel time spent in this place.
 D = Time resting spent in this place.
 E = Time spent auto-exploring this place.
 F = Levels seen in this place.
 G = Mean time per level.
                   A        B        C        D        E       F      G
               +--------+--------+--------+--------+--------+-----+--------+
         Total |   1280 |   1275 |      5 |      0 |    999 |   2 |  640.0 |
       Dungeon |   1280 |   1275 |      5 |      0 |    999 |   2 |  640.0 |
               +--------+--------+--------+--------+--------+-----+--------+

Top non-repeatable levels by time:
     D:1: 865 daAuts
     D:2: 414 daAuts
